 Dungeon Crawl Stone Soup version 0.31.0-12-g77e489cdc1 (webtiles) character file.

Game seed: 3012208203377380842

133051 peterlawrence the Slayer (level 16, -3/171 HPs)
             Began as a Minotaur Fighter on Feb 11, 2024.
             Was a High Priest of Okawaru.
             Slain by a +3 long sword of protection (11 damage)
             ... animated by Zenata
             ... on level 2 of the Elven Halls.
             The game lasted 00:37:58 (25120 turns).

peterlawrence the Slayer (Minotaur Fighter)        Turns: 25120, Time: 00:37:59

Health: -3/171     AC: 35    Str: 28    XL:     16   Next: 59%
Magic:  22/22      EV: 12    Int:  5    God:    Okawaru [*****.]
Gold:   1090       SH: 13    Dex: 17    Spells: 15/15 levels left

rFire   + + +        I - +7 demon whip (vamp)
rCold   + . .        c - +0 buckler
rNeg    + . .        p - +12 plate armour of the Eagle {rF+ rC+}
rPois   .            (helmet restricted)
rElec   .            (no cloak)
rCorr   .            f - +2 pair of gloves
SInv    .            l - +1 pair of boots
Will    ++...        v - amulet of reflection Stlth
                     A - +6 ring of strength
HPRegen 0.48/turn    S - ring of Rina Oteu {*Slow Fly rF+++ rN+ Will+}
MPRegen 0.18/turn

%: slow self (1%), reflection
@: flying, slowed, very slow
A: horns 2, retaliatory headbutt
a: Renounce Religion, Heroism, Finesse, Duel


You were on level 2 of the Elven Halls.
You worshipped Okawaru.
Okawaru was extremely pleased with you.
You visited 5 branches of the dungeon, and saw 25 of its levels.
You also visited: Trove.

You collected 2284 gold pieces.
You spent 1194 gold pieces at shops.

Inventory:

Hand Weapons
 b - a +4 whip of freezing
 d - a +7 heavy flail
 r - a +1 executioner's axe of draining
 I - a +7 vampiric demon whip (weapon)
Missiles
 C - 4 throwing nets (quivered)
Armour
 c - a +0 buckler (worn)
 f - a +2 pair of gloves (worn)
 l - a +1 pair of boots (worn)
 p - the +12 plate armour of the Eagle (worn) {rF+ rC+}
   (Okawaru gifted it to you on level 4 of the Lair of Beasts)

   rF+:       It protects you from fire.
   rC+:       It protects you from cold.
Jewellery
 v - an amulet of reflection (around neck)
 w - a +4 ring of protection
 x - the ring "Tuafip" {Dex+3 SInv}
   (You found it in a treasure trove)

   [ring of see invisible]

   Dex+3:     It affects your dexterity (+3).
   SInv:      It lets you see invisible.
 z - a ring of resist corrosion
 A - a +6 ring of strength (left hand)
 H - an amulet of regeneration
 R - a +6 ring of intelligence
 S - the ring of Rina Oteu (right hand) {*Slow Fly rF+++ rN+ Will+}
   (You bought it in a shop on level 1 of the Elven Halls)

   [ring of positive energy]

   rF+++:     It renders you almost immune to fire.
   rN+:       It protects you from negative energy.
   Will+:     It increases your willpower.
   Fly:       It grants you flight.
   *Slow:     It may slow you when you take damage.
Wands
 j - a wand of iceblast (6)
 s - a wand of acid (6)
 u - a wand of digging (14)
 B - a wand of mindburst (10)
 F - a wand of polymorph (7)
 M - a wand of flame (13)
Scrolls
 a - 2 scrolls of silence
 k - 11 scrolls of teleportation
 m - 3 scrolls of revelation
 o - 5 scrolls of enchant armour
 t - 3 scrolls of poison
 y - 2 scrolls of brand weapon
 G - 2 scrolls of fog
 L - a scroll of blinking
 O - 2 scrolls of identify
 Q - a scroll of enchant weapon
Potions
 e - 7 potions of curing
 g - 4 potions of enlightenment
 h - 2 potions of might
 i - 5 potions of cancellation
 n - a potion of haste
 q - 2 potions of berserk rage
 D - 7 potions of heal wounds
 J - a potion of resistance
 K - a potion of experience {unknown}
 N - a potion of mutation
 P - 2 potions of invisibility
Miscellaneous
 E - a phial of floods


   Skills:
 + Level 22.8 Fighting
 - Level 15.2 Maces & Flails
 - Level 15.1 Armour
 - Level 8.5 Dodging
 - Level 0.1 Stealth
 - Level 12.7 Shields
 - Level 9.5 Invocations


You had 15 spell levels left.
You didn't know any spells.
Your spell library contained the following spells:

 Spells                   Type           Power      Damage    Failure   Level
 Apportation              Tloc           0%         N/A       98%         1
 Foxfire                  Conj/Fire      0%         2x1d4     98%         1
 Kiss of Death            Conj/Necr      0%         2d5       98%         1
 Necrotise                Necr           0%         1d4       98%         1
 Sandblast                Erth           0%         2d4       98%         1
 Slow                     Hex            0%         N/A       98%         1
 Sting                    Conj/Alch      0%         1d3       98%         1
 Mercury Vapours          Alch/Air       0%         N/A       99%         2
 Sublimation of Blood     Necr           0%         N/A       99%         2
 Dazzling Flash           Conj/Hex       0%         N/A       100%        3
 Fugue of the Fallen      Necr           0%         N/A       100%        3
 Mephitic Cloud           Conj/Alch/Air  0%         N/A       100%        3
 Ozocubu's Armour         Ice            0%         N/A       100%        3
 Passwall                 Erth           0%         N/A       100%        3
 Stone Arrow              Conj/Erth      0%         3d7       100%        3
 Teleport Other           Tloc           0%         N/A       100%        3
 Brom's Barrelling Bould  Conj/Erth      0%         2d3       100%        4
 Dimensional Bullseye     Hex/Tloc       0%         N/A       100%        4
 Leda's Liquefaction      Alch/Erth      0%         N/A       100%        4
 Manifold Assault         Tloc           0%         N/A       100%        4
 Olgreb's Toxic Radiance  Alch           0%         N/A       100%        4
 Passage of Golubria      Tloc           0%         N/A       100%        4
 Petrify                  Alch/Erth      0%         N/A       100%        4
 Curse of Agony           Necr           0%         N/A       100%        5
 Freezing Cloud           Conj/Ice/Air   0%         6-21      100%        5
 Irradiate                Conj/Alch      0%         3d11      100%        5
 Lee's Rapid Deconstruct  Erth           0%         3d4*      100%        5
 Metabolic Englaciation   Hex/Ice        0%         N/A       100%        5
 Silence                  Hex/Air        0%         N/A       100%        5
 Bombard                  Conj/Erth      0%         9d1       100%        6
 Plasma Beam              Fire/Air       0%         2x1d10    100%        6
 Starburst                Conj/Fire      0%         6d3       100%        6
 Lehudib's Crystal Spear  Conj/Erth      0%         10d2      100%        8
 Summon Small Mammal      Summ           Unusable   N/A       N/A         1
 Call Imp                 Summ           Unusable   N/A       N/A         2
 Summon Cactus Giant      Summ           Unusable   N/A       N/A         6
 Spellforged Servitor     Conj/Summ      Unusable   N/A       N/A         7
 Summon Hydra             Summ           Unusable   N/A       N/A         7

Dungeon Overview and Level Annotations

Branches:
Dungeon (15/15)            Temple (1/1) D:6            Lair (5/5) D:11
  Swamp (0/4) Lair:3        Snake (0/4) Lair:2        Slime (0/5) Lair:5
    Orc (2/2) D:10            Elf (2/3) Orc:2        Vaults (0/5) D:14
 Depths (0/4) D:15

Altars:
Ashenzari
Cheibriados
Dithmenos
Elyvilon
Fedhas
Gozag
Hepliaklqana
Kikubaaqudgha
Makhleb
Nemelex Xobeh
Okawaru
Qazlal
Ru
Sif Muna
Trog
Uskayaw
Vehumet
Wu Jian
Xom
Yredelemnul
Zin
The Shining One
Jiyva

Shops:
D:6 ?   D:8 ==!(   D:13 *   Orc:2 [!(!   Elf:1 ?[*   Elf:2 :

Annotations:
D:2 1 runed translucent door, Crazy Yiuf
Elf:2 Zenata


Innate Abilities, Weirdness & Mutations

You have a pair of horns on your head.
You reflexively headbutt those who attack you in melee.


Message History

You feel sick. The +0 vampiric scimitar hits you!
* * * LOW HITPOINT WARNING * * *
You block the +3 long sword of protection's attack.
The +1 mace of holy wrath hits you but does no damage.
You block Zenata's attack.
The +3 long sword of protection hits you.
* * * LOW HITPOINT WARNING * * *
You feel yourself slow down. The +0 vampiric scimitar hits you!!
* * * LOW HITPOINT WARNING * * *
The fire elemental hits you. The fire elemental burns you! You resist.
* * * LOW HITPOINT WARNING * * *
The +4 glaive of venom hits you but does no damage.
You are lethally poisoned!
You thrash Zenata!! You headbutt Zenata!
Zenata is heavily wounded.
* * * LOW HITPOINT WARNING * * *
You feel very sick.
The +1 mace of holy wrath barely misses you.
You furiously retaliate!
You headbutt the +1 mace of holy wrath!
The +3 long sword of protection hits you but does no damage.
The +0 vampiric scimitar hits you but does no damage.
The +1 mace of holy wrath hits you but does no damage.
You block the +4 glaive of venom's attack.
Zenata closely misses you. The fire elemental barely misses you.
You furiously retaliate!
You headbutt the fire elemental!
You destroy the fire elemental!
Okawaru accepts your kill.
You feel better.
The +0 vampiric scimitar hits you but does no damage.
The +3 long sword of protection hits you!
* * * LOW HITPOINT WARNING * * *
The +1 mace of holy wrath hits you but does no damage.
The +0 vampiric scimitar barely misses you.
You furiously retaliate!
You headbutt the +0 vampiric scimitar!
The +3 long sword of protection hits you but does no damage.
You block the +1 mace of holy wrath's attack.
You block the +4 glaive of venom's attack.
The +0 vampiric scimitar hits you but does no damage.
The +3 long sword of protection hits you!
You die...

# ................... .
..................$.
...............#.#. .#
................#. .#
..............# .###.
#(((.<......###...##
### #a((..)...##.......
.....#@(.....# #.##.##.
#...).....###.##.##.
.....#°#...............
####......./.#.#.##.##.
#.#.#....###).##.##.
#...##....#.#.......
#○.......#.#####.###
#°......#### #.# #
....##.## ####.###


You could see Zenata and 6 dancing weapons.

Vanquished Creatures
  Agnes (Elf:1)
  A deep elf sorcerer (Elf:1)
  A frost giant (D:15)
  An orc warlord (Orc:2)
  2 dire elephants (Lair:5)
  Snorg (Lair:4)
  Josephine (D:10)
  Fannar (Lair:1)
  8 hydras
  Harold (D:10)
  2 catoblepae
  6 two-headed ogres
  A centaur warrior (D:11)
  4 dancing weapons
  4 boulder beetles
  5 orc high priests (Orc:2)
  5 tengu warriors
  Urug (D:10)
  8 deep elf knights
  2 spectral death yaks (Lair:5)
  A skeletal warrior (D:14)
  A skyshark (Lair:5)
  A spectral anaconda (Lair:5)
  An arcanist (D:13)
  An obsidian statue (Lair:5)
  A wolf spider zombie (D:9)
  5 deep elf archers (Elf:1)
  3 necromancers (Lair:5)
  22 deep elf zephyrmancers
  9 orc knights
  14 deep elf pyromancers
  5 manticores
  3 orc sorcerers (Orc:2)
  4 cyclopes
  14 ugly things
  18 elephants
  A centaur zombie (D:9)
  2 black mambas
  5 kobold blastminers (Orc:2)
  A torpor snail (Lair:4)
  7 centaur skeletons
  An unseen horror (D:12)
  2 gargoyles
  2 kobold demonologists
  22 cane toads
  5 yaktaurs
  2 freezing wraiths
  6 komodo dragons
  6 rime drakes
  A tengu conjurer (D:14)
  7 trolls
  2 polar bears (Lair:5)
  The ghost of Vila42 the Chopper, an amateur MiFi (D:3)
  Grinder (D:4)
  A hellwing (D:9)
  A troll (shapeshifter) (D:10)
  21 blink frogs
  11 dream sheep (Lair:5)
  15 slime creatures
  A shadow (D:10)
  An air elemental (Elf:1)
  15 basilisks
  A vampire (D:9)
  2 water elementals (Elf:1)
  11 wyverns
  5 wraiths
  Eustachio (D:6)
  38 yaks
  4 steam dragons
  7 wargs
  4 fire elementals
  8 vampire mosquitoes
  A swamp worm (Lair:3)
  A spectral cane toad (Lair:5)
  3 nagas (Lair:2)
  A death yak simulacrum (Lair:5)
  13 water moccasins
  55 orc warriors
  2 sky beasts (D:6)
  3 ice beasts
  3 black bears
  An elephant zombie (Lair:5)
  12 ogres
  A laughing skull (D:10)
  11 wolves
  An elephant skeleton (Lair:5)
  2 phantoms
  A centaur (D:8)
  4 kobold brigands (D:14)
  Blork the orc (D:6)
  A gnoll sergeant (D:10)
  10 bullfrogs
  3 cane toad simulacra (Lair:5)
  3 scorpions
  8 wights (D:8)
  8 killer bees
  4 electric eels
  5 howler monkeys
  3 bombardier beetles
  A gnoll bouda (D:7)
  3 jellies
  33 orc priests
  6 hounds
  A sleepcap (D:5)
  8 iguanas
  18 orc wizards
  6 hell rats (Lair:4)
  Robin (D:4)
  13 gnolls
  6 adders
  4 shadow imps (D:9)
  A white imp (D:7)
  5 dart slugs
  119 orcs
  6 bats
  9 endoplasms
  5 giant cockroaches
  10 goblins
  13 hobgoblins
  2 jackals (D:4)
  2 quokkas
  4 ball pythons
  A frilled lizard (D:2)
  8 kobolds
  2 rats
828 creatures vanquished.

Vanquished Creatures (others)
  A deep elf zephyrmancer (Elf:1)
  A spectral cane toad (Lair:5)
2 creatures vanquished.

Grand Total: 830 creatures vanquished

Notes
Turn   | Place    | Note
-------+----------+-------------------------------------------
     0 | D:1      | peterlawrence the Minotaur Fighter began the quest for the
                  | Orb.
     0 | D:1      | Reached XP level 1. HP: 19/19 MP: 0/0
   133 | D:1      | Reached XP level 2. HP: 27/27 MP: 1/1
   469 | D:2      | Found a faded altar of an unknown god.
   482 | D:2      | Reached XP level 3. HP: 23/33 MP: 2/2
   485 | D:2      | Reached skill level 4 in Fighting
   600 | D:2      | Found a runed translucent door.
   601 | D:2      | Noticed Crazy Yiuf
  1412 | D:3      | Reached skill level 1 in Dodging
  1416 | D:3      | Reached XP level 4. HP: 40/40 MP: 3/3
  1448 | D:3      | Found a runed translucent gate.
  1449 | D:3      | Found a runed translucent gate.
  1450 | D:3      | Found a runed translucent gate.
  1450 | D:3      | Identified the +1 scale mail "Ivagg" {rElec rF+ Int+3
                  | Stlth+}
  1468 | D:3      | Noticed Vila42's ghost (amateur MiFi)
  1486 | D:3      | Killed Vila42's ghost
  1487 | D:3      | Reached skill level 5 in Maces & Flails
  1487 | D:3      | Reached XP level 5. HP: 5/47 MP: 4/4
  1487 | D:3      | Reached XP level 6. HP: 5/53 MP: 5/5
  2276 | D:4      | Noticed Grinder
  2285 | D:4      | Killed Grinder
  2286 | D:4      | Reached XP level 7. HP: 37/60 MP: 6/6
  2634 | D:4      | Noticed Robin
  2658 | D:4      | Killed Robin
  3188 | D:5      | Entered Level 5 of the Dungeon
  3355 | D:5      | Reached skill level 10 in Maces & Flails
  3355 | D:5      | Reached XP level 8. HP: 61/67 MP: 7/7
  3484 | D:5      | Found a glowing golden altar of the Shining One.
  3784 | D:5      | Found a basalt altar of Yredelemnul.
  3838 | D:5      | Found a white marble altar of Elyvilon.
  4271 | D:6      | Noticed Eustachio
  4288 | D:6      | Killed Eustachio
  4650 | D:6      | Noticed Blork the orc
  4655 | D:6      | Killed Blork the orc
  4679 | D:6      | Found a staircase to the Ecumenical Temple.
  4688 | D:6      | Reached XP level 9. HP: 65/72 MP: 8/8
  4690 | Temple   | Entered the Ecumenical Temple
  4699 | Temple   | Became a worshipper of Warmaster Okawaru
  4899 | D:6      | Found Ackiesas's Magic Scroll Shop.
  4920 | D:6      | Bought a scroll of enchant armour for 82 gold pieces
  4920 | D:6      | Bought a scroll of identify for 22 gold pieces
  4920 | D:6      | Bought a scroll of teleportation for 33 gold pieces
  4920 | D:6      | Bought a scroll of enchant weapon for 82 gold pieces
  4976 | D:6      | Reached skill level 5 in Fighting
  5077 | D:6      | Identified the +2 hand axe "Uracewn" {venom, rN+ Int+3}
  5336 | D:7      | Reached skill level 6 in Fighting
  5342 | D:7      | Reached * piety under Okawaru
  5537 | D:7      | Reached skill level 1 in Invocations
  5561 | D:7      | Noticed a boulder beetle
  5583 | D:7      | Killed a boulder beetle
  5584 | D:7      | Reached skill level 5 in Invocations
  5694 | D:7      | Reached skill level 7 in Fighting
  5912 | D:7      | Reached ** piety under Okawaru
  6157 | D:8      | Found Qedwynki's Jewellery Shoppe.
  6157 | D:8      | Found Xeraas's Jewellery Boutique.
  6170 | D:8      | Reached XP level 10. HP: 83/88 MP: 12/12
  6200 | D:8      | Reached skill level 8 in Fighting
  6297 | D:8      | Reached skill level 9 in Fighting
  6515 | D:8      | Reached skill level 10 in Fighting
  6523 | D:8      | Found Ileoxidwi's Distillery.
  6699 | D:8      | Found Awutuira's Weapon Shoppe.
  6765 | D:8      | Found an ornate altar of the Wu Jian Council.
  6765 | D:8      | Found a burning altar of Makhleb.
  6773 | D:8      | Found a stormy altar of Qazlal.
  6775 | D:8      | Found a faded altar of an unknown god.
  6777 | D:8      | Found a hide-covered altar of Uskayaw.
  6838 | D:8      | Found a shadowy altar of Dithmenos.
  6964 | D:9      | Noticed a two-headed ogre
  6970 | D:9      | Killed a two-headed ogre
  6970 | D:9      | Reached *** piety under Okawaru
  7072 | D:9      | Reached skill level 15 in Maces & Flails
  7099 | D:9      | Reached **** piety under Okawaru
  7275 | D:9      | Reached skill level 11 in Fighting
  7542 | D:9      | Reached XP level 11. HP: 102/102 MP: 13/13
  7965 | D:10     | Entered Level 10 of the Dungeon
  8158 | D:10     | Noticed an orc knight
  8172 | D:10     | Killed an orc knight
  8173 | D:10     | Reached skill level 12 in Fighting
  8412 | D:10     | Found a staircase to the Orcish Mines.
  8420 | D:10     | Noticed Josephine
  8428 | D:10     | Killed Josephine
  8428 | D:10     | Reached ***** piety under Okawaru
  8540 | D:10     | Reached skill level 13 in Fighting
  8979 | D:10     | Noticed Harold
  8989 | D:10     | Killed Harold
  9165 | D:10     | Reached skill level 14 in Fighting
  9369 | D:10     | Noticed Urug
  9380 | D:10     | Killed Urug
  9791 | D:11     | Noticed a centaur warrior
  9800 | D:11     | Killed a centaur warrior
 10027 | D:11     | Received a gift from Okawaru
 10113 | D:11     | Found a staircase to the Lair.
 10385 | D:11     | Reached XP level 12. HP: 106/117 MP: 10/17
 10732 | D:8      | Bought a +6 ring of strength for 432 gold pieces
 11228 | Lair:1   | Entered Level 1 of the Lair of Beasts
 11268 | Lair:1   | Reached skill level 5 in Armour
 11380 | Lair:1   | You fall into a shaft and drop 1 floor!
 11397 | Lair:1   | Noticed Fannar
 11670 | Lair:1   | Killed Fannar
 11960 | Lair:1   | Reached skill level 10 in Armour
 12625 | Lair:3   | Received a gift from Okawaru
 12867 | Lair:3   | Noticed a six-headed hydra
 13216 | Lair:2   | Reached XP level 13. HP: 96/125 MP: 19/19
 13224 | Lair:2   | Reached ****** piety under Okawaru
 13226 | Lair:2   | Acquired a +5 vampiric demon whip
 13226 | Lair:2   | Received a gift from Okawaru
 13777 | Lair:2   | Found a staircase to the Snake Pit.
 14172 | Lair:3   | Received a gift from Okawaru
 14237 | Lair:3   | Reached skill level 15 in Fighting
 14903 | Lair:3   | Found a staircase to the Swamp.
 15101 | Lair:3   | Received a gift from Okawaru
 15497 | Lair:4   | Reached skill level 15 in Armour
 15640 | Lair:4   | Noticed Snorg
 15641 | Lair:4   | Reached skill level 5 in Shields
 15663 | Lair:4   | Killed Snorg
 15850 | Lair:4   | Acquired the +12 plate armour of the Eagle {rF+ rC+}
 15850 | Lair:4   | Received a gift from Okawaru
 15932 | Lair:4   | Received a gift from Okawaru
 16010 | Lair:4   | Noticed Sonja
 16015 | Lair:4   | Sonja changed into Sonja the black bear
 16015 | Lair:4   | Noticed Sonja
 16018 | Lair:4   | Killed Sonja the black bear
 16537 | Lair:5   | Entered Level 5 of the Lair of Beasts
 16565 | Lair:5   | Reached XP level 14. HP: 118/135 MP: 20/20
 16749 | Lair:5   | Reached skill level 5 in Dodging
 16951 | Lair:5   | Received a gift from Okawaru
 17098 | Lair:5   | Got the Papyrus of the Unified Excursion
 17250 | Lair:5   | Found a viscous altar of Jiyva.
 17454 | Lair:5   | Reached skill level 10 in Shields
 17464 | Lair:5   | Received a gift from Okawaru
 17838 | Lair:5   | Found a staircase to the Slime Pits.
 18628 | D:13     | Received a gift from Okawaru
 18725 | D:13     | Found Astrec's CLEARANCE SALE!.
 18732 | D:13     | Bought a potion of heal wounds for 25 gold pieces
 19246 | D:13     | Found a portal to a secret trove of treasure.
 19252 | Trove    | Entered a treasure trove
 19282 | Trove    | Identified the ring "Tuafip" {Dex+3 SInv}
 19312 | Trove    | Got Sif Muna's Vademecum on Blinking Ill Luck
 19465 | D:13     | Reached skill level 16 in Fighting
 19465 | D:13     | Reached XP level 15. HP: 144/144 MP: 21/21
 20126 | D:14     | Reached skill level 17 in Fighting
 20545 | D:14     | Found a gate to the Vaults.
 20709 | D:15     | Entered Level 15 of the Dungeon
 20813 | D:15     | Found a staircase to the Depths.
 20813 | D:15     | Noticed a frost giant
 20823 | D:15     | Killed a frost giant
 20836 | D:15     | Reached skill level 18 in Fighting
 21113 | D:15     | Found a burning altar of Makhleb.
 21363 | Orc:1    | Entered Level 1 of the Orcish Mines
 21533 | Orc:2    | Entered Level 2 of the Orcish Mines
 21960 | Orc:2    | Reached skill level 19 in Fighting
 22374 | Orc:2    | Found a staircase to the Elven Halls.
 22623 | Orc:2    | Found Zajif's Antique Weapon Boutique.
 22710 | Orc:2    | Found Reradodu's Distillery.
 22755 | Orc:2    | Reached skill level 20 in Fighting
 22921 | Orc:2    | Bought a potion of heal wounds for 60 gold pieces
 22921 | Orc:2    | Bought a potion of mutation for 96 gold pieces
 22921 | Orc:2    | Bought 2 potions of invisibility for 192 gold pieces
 23158 | Orc:2    | Found Exeano's Distillery.
 23177 | Orc:2    | Bought a potion of heal wounds for 55 gold pieces
 23183 | Orc:2    | Found Qolongoy's Antique Armour Shoppe.
 23311 | Orc:2    | Reached XP level 16. HP: 165/165 MP: 22/22
 23638 | Elf:1    | Entered Level 1 of the Elven Halls
 23767 | Elf:1    | Found Uliggoll's Armour Emporium.
 23793 | Elf:1    | Reached skill level 21 in Fighting
 23806 | Elf:1    | Paralysed by an air elemental for 1 turns
 23944 | Elf:1    | Identified the +7 hand axe of Floods {spect, rC+}
 23972 | Elf:1    | Found Uveul's Magic Scroll Emporium.
 23975 | Elf:1    | Identified the +2 robe of the Devil {Regen+ Str-4 Int+2
                  | Slay+5}
 24098 | Elf:1    | Reached skill level 22 in Fighting
 24153 | Elf:1    | Got the Lessons on Assistive Momentum
 24222 | Elf:1    | Noticed Agnes
 24243 | Elf:1    | Killed Agnes
 24243 | Elf:1    | Received a gift from Okawaru
 24591 | Elf:1    | Found Xeidoig's Assorted Antiques.
 24851 | Elf:1    | Bought a warped copper ring for 115 gold pieces
 24851 | Elf:1    | Identified the ring of Rina Oteu {*Slow Fly rF+++ rN+
                  | Will+} (You bought it in a shop on level 1 of the Elven
                  | Halls)
 25029 | Elf:2    | Found Daefujet's Book Boutique.
 25097 | Elf:2    | Noticed Zenata
 25119 | Elf:2    | HP: 8/171 [poisoned by a +4 glaive of venom]
 25120 | Elf:2    | Slain by a +3 long sword of protection

Illustrated notes

Levels and vault maps discovered:
D:1:      grunt_arrival_lava_bath, layout_basic, minmay_misc_feat_doors
D:2:      layout_basic, ebering_ecumenical_altar_hall, grunt_ministairs_12,
          minmay_distorted, uniq_crazy_yiuf_cottage
D:3:      layout_basic, ebering_ghost_rock_garden
D:4:      layout_loops_corners, uniq_robin, uniq_grinder
D:5:      layout_basic, kennysheep_ying_yang, nicolae_tso_carved_into_rock
D:6:      layout_loops_cross, minmay_temple_entry_junction, serial_shops, shop,
          st_stairs_2, uniq_eustachio, uniq_blork_the_orc
D:7:      layout_gridville
D:8:      layout_basic, mainiacjoe_overflow_boulevard,
          chequers_temple_overflow_minitemple, serial_shops,
          nicolae_take_the_stairs, shop, shop, shop
D:9:      cheibrodos_grave_circle, layout_cave_pods
D:10:     layout_irregular_city, orc_0_dummy, kb_rosetta, uniq_urug,
          uniq_josephine, uniq_harold
D:11:     layout_cave_pools, erik_lair_dragon, special_room [special_room_orc]
D:12:     layout_rooms
D:13:     layout_cave_pods, enter_trove_6, nicolae_lava_and_water,
          nicolae_shop_clearance
D:14:     layout_stronghold, hangedman_vaults_entry_quadrant_bands,
          grunt_decor_clamped
D:15:     grunt_enter_depths_snipers, layout_cave_pools, lemuel_tele_altar
Temple:   eino_temple_lava
Lair:1:   layout_gridlike, grunt_forest_large_clearings,
          infiniplex_staircase_pool_2, uniq_fannar
Lair:2:   layout_cave_pods, nicolae_snake_entry_squirm
Lair:3:   layout_cave_pods, minmay_swamp_entry_worms, lemuel_old_faithful,
          serial_bayou_shore_a, grunt_megastairs_5
Lair:4:   layout_hall_layers, special_room [special_room_mythical_zoo],
          infiniplex_staircase_pool, uniq_snorg, uniq_sonja
Lair:5:   due_jungle_book, layout_gridlike, slime_entry_2
Orc:1:    layout_caves, basic_altar
Orc:2:    pubby_orc_utopia, serial_shops
Elf:1:    elf_arrival_002, layout_rooms, serial_shops,
          nicolae_shop_getting_attention, nicolae_shop_rolling_square,
          nicolae_shop_overgrown_old_shop, minmay_elf_sorcery, minivault_4,
          drop_trap, lemuel_flamethrower_2, uniq_agnes
Elf:2:    nicolae_elf_blades_splatter_lattice
          [nicolae_blade_entry_diamond_columns], layout_loops_cross,
          serial_shops, shop, nicolae_shop_rolled_up, shop, shop, shop,
          nicolae_elf_w_pinch, uniq_jorgrun, uniq_norris, uniq_zenata

Skill      XL: |  1  2  3  4  5  6  7  8  9 10 11 12 13 14 15 16 |
---------------+-------------------------------------------------+-----
Shields        | 4 8 12 | 12.7
Armour         | 4 12 15 | 15.1
Fighting       | 4 7 11 14 15 16 20 22 | 22.8
Maces & Flails | 3 5 7 10 12 13 15 | 15.2
Dodging        | 1 3 8 |  8.5
Invocations    | 5 8 9 |  9.5
Stealth        | |  0.1

Action                     |  1- 3 |  4- 6 |  7- 9 | 10-12 | 13-15 | 16-18 || total
---------------------------+-------+-------+-------+-------+-------+-------++-------
  Melee: Flail             |    82 |    34 |    79 |   358 |     6 |       ||   559
         Headbutt          |     7 |     6 |    77 |   101 |   441 |    54 ||   686
         Whip              |       |       |   264 |    70 |       |       ||   334
         Demon whip        |       |       |       |       |  1605 |   256 ||  1861
 Invoke: Heroism           |       |       |     1 |    11 |     3 |     1 ||    16
         Finesse           |       |       |       |     1 |     1 |     2 ||     4
         Receive Weapon    |       |       |       |       |     1 |       ||     1
         Receive Armour    |       |       |       |       |     1 |       ||     1
  Evoke: Wand              |       |       |       |       |     5 |       ||     5
    Use: Potion            |       |     1 |       |     1 |     1 |     2 ||     5
         Scroll            |       |       |    10 |    11 |    12 |       ||    33
   Stab: Petrified         |       |       |       |       |     1 |       ||     1
 Armour: Scale mail        |    59 |    21 |   111 |   142 |       |       ||   333
         Plate armour      |       |       |       |   354 |   900 |   143 ||  1397
  Dodge: Dodged            |    35 |    10 |   104 |   285 |   536 |    41 ||  1011
  Block: Buckler           |    19 |     5 |    49 |   151 |   583 |    78 ||   885
         Reflection        |       |       |       |       |    34 |    14 ||    48
